 Dungeon Crawl Stone Soup version 0.31-a0-656-gb4d89c20fa (webtiles) character file.

Game seed: 303582730221420907

1346 Ofeo the Conjurer (level 8, -1/58 HPs)
             Began as a Gnoll Conjurer on Aug 30, 2023.
             Was an Initiate of Vehumet.
             Slain by an iguana (11 damage)
             ... on level 5 of the Dungeon.
             The game lasted 00:12:30 (7295 turns).

Ofeo the Conjurer (Gnoll Conjurer)                  Turns: 7295, Time: 00:12:31

Health: -1/58      AC:  8    Str: 13    XL:     8   Next: 62%
Magic:  17/17      EV: 13    Int: 19    God:    Vehumet [......]
Gold:   49         SH:  0    Dex: 11    Spells: 5/19 levels left

rFire   . . .        a - +0 double sword
rCold   . . .        (no shield)
rNeg    . . .        r - +0 robe
rPois   .            d - +1 helmet
rElec   .            i - +0 cloak
rCorr   .            l - +2 pair of gloves
SInv    .            (no boots)
Will    .....        (no amulet)
Stlth   +++          k - +6 ring of strength
HPRegen 0.29/turn    n - ring of flight
MPRegen 0.15/turn

%: no passive effects
@: flying
A: fangs 1, strong nose, distributed training
a: Renounce Religion


You were on level 5 of the Dungeon.
You worshipped Vehumet.
Vehumet was noncommittal.
You visited 2 branches of the dungeon, and saw 6 of its levels.

You collected 234 gold pieces.
You spent 185 gold pieces at shops.

Inventory:

Hand Weapons
 a - a +0 double sword (weapon)
 b - a +3 short sword of draining
Armour
 d - a +1 helmet (worn)
 i - a +0 cloak (worn)
 l - a +2 pair of gloves (worn)
 r - a +0 robe (worn)
Jewellery
 k - a +6 ring of strength (left hand)
 n - a ring of flight (right hand)
Wands
 o - a wand of iceblast (15) {@v4}
 q - a wand of flame (3)
Potions
 c - 2 potions of curing {unknown}
 e - a potion of degeneration {unknown}
 f - 2 potions of magic
 g - a potion of mutation {unknown}
 h - 2 potions of heal wounds {@q2}
 j - 2 potions of lignification {unknown}
 p - a potion of berserk rage {unknown}


   Skills:
 + Level 3.5 Fighting
 + Level 3.5 Short Blades
 + Level 3.5 Long Blades
 + Level 3.5 Axes
 + Level 3.5 Maces & Flails
 + Level 3.5 Polearms
 + Level 3.5 Staves
 + Level 3.5 Ranged Weapons
 + Level 3.5 Throwing
 + Level 3.5 Armour
 + Level 5.8 Dodging
 + Level 5.5 Stealth
 + Level 3.5 Shields
 + Level 3.5 Unarmed Combat
 + Level 6.1 Spellcasting
 + Level 7.7 Conjurations
 + Level 2.8 Hexes
 + Level 2.8 Summonings
 + Level 2.8 Necromancy
 + Level 2.8 Translocations
 + Level 2.8 Transmutations
 + Level 2.8 Fire Magic
 + Level 2.8 Ice Magic
 + Level 2.8 Air Magic
 + Level 2.8 Earth Magic
 + Level 2.8 Poison Magic
 + Level 3.8 Invocations
 + Level 3.5 Evocations
 + Level 3.1 Shapeshifting


You had 5 spell levels left.
You knew the following spells:

 Your Spells              Type           Power      Damage    Failure   Level
a - Magic Dart            Conj           100%       1d8       1%          1
b - Searing Ray           Conj           70%        2d7       1%          2
c - Dazzling Flash        Conj/Hex       52%        N/A       3%          3
d - Fulminant Prism       Conj/Hex       13%        3d9       12%         4
e - Iskenderun's Mystic   Conj/Tloc      26%        2d7       12%         4

Your spell library contained the following spells:

 Spells                   Type           Power      Damage    Failure   Level


Dungeon Overview and Level Annotations

Branches:
Dungeon (5/15)             Temple (1/1) D:5

Altars:
Cheibriados
Dithmenos
Gozag
Kikubaaqudgha
Makhleb
Ru
Sif Muna
Uskayaw
Vehumet
Wu Jian
Yredelemnul
The Shining One

Shops:
D:4 *


Innate Abilities, Weirdness & Mutations

You have very sharp teeth.
Your uncanny sense of smell can sniff out nearby items.
Your experience applies equally to all skills.


Message History

You take 7 damage, and have 43/58 hp.
You barely miss the white imp.
The white imp is almost dead.
The white imp barely misses you.
An iguana comes into view.
You barely miss the white imp.
The iguana hisses angrily.
You bite the white imp, but do no damage.
The white imp is almost dead.
The white imp closely misses you. The white imp gestures at you.
The puff of frost hits you!
You take 9 damage, and have 35/58 hp.
The white imp closely misses you.
You closely miss the white imp. You bite the white imp.
The white imp is almost dead.
The white imp gestures at you. The puff of frost hits you.
You take 3 damage, and have 32/58 hp.
You are too injured to fight recklessly!
The white imp hits you but does no damage.
You are too injured to fight recklessly!
The white imp barely misses you. The white imp barely misses you.
The iguana attacks as it pursues you! The iguana bites you!
You take 10 damage, and have 22/58 hp.
The white imp gestures at you. The puff of frost hits you.
* * * LOW HITPOINT WARNING * * *
There is an open door here.
You take 5 damage, and have 17/58 hp.
You hit the iguana.
The iguana is lightly wounded.
The iguana bites you!
* * * LOW HITPOINT WARNING * * *
You take 7 damage, and have 10/58 hp.
You barely miss the iguana.
The iguana is lightly wounded.
The iguana bites you!
You die...

#..............# ..
.........# ∆ . ......o..#
.........+ .### .........#
.... #....# #.# #. #....#
#.# +.
#....########.#+#+####.
#...5l@................
#....####...#..........
......... #..............
.......... #.......#+ ###.
.....).....##.......# #.
...........##...###'#+####.
...........##...#..........
.......w..##...#..........
#...#..........


You could see an iguana and a white imp.

Vanquished Creatures
  Menkaure (D:5)
  2 ogres
  3 phantoms (D:5)
  A howler monkey (D:3)
  3 hounds
  An orc priest (D:3)
  2 iguanas (D:5)
  Ijyb (D:5)
  5 orc wizards
  17 gnolls
  12 adders
  A shadow imp (D:5)
  A white imp (D:5)
  3 worms
  5 dart slugs
  29 orcs
  3 ball pythons
  14 endoplasms
  4 giant cockroaches
  9 goblins
  8 hobgoblins
  13 jackals
  6 quokkas
  5 bats
  5 frilled lizards
  A goblin skeleton (D:5)
  A goblin zombie (D:5)
  A hobgoblin zombie (D:5)
  8 kobolds
  2 orc skeletons (D:5)
  2 orc zombies (D:5)
  7 rats
176 creatures vanquished.

Vanquished Creatures (others)
  9 fulminant prisms (D:5)
9 creatures vanquished.

Grand Total: 185 creatures vanquished

Notes
Turn   | Place    | Note
-------+----------+-------------------------------------------
     0 | D:1      | Ofeo the Gnoll Conjurer began the quest for the Orb.
     0 | D:1      | Reached XP level 1. HP: 13/13 MP: 6/6
   142 | D:1      | Reached XP level 2. HP: 19/19 MP: 5/7
   492 | D:1      | Reached skill level 5 in Spellcasting
   492 | D:1      | Reached XP level 3. HP: 25/25 MP: 2/9
  1068 | D:1      | Found a snail-covered altar of Cheibriados.
  1282 | D:2      | Reached skill level 1 in Invocations
  1635 | D:2      | Reached skill level 1 in Fighting
  1635 | D:2      | Reached skill level 1 in Short Blades
  1635 | D:2      | Reached skill level 1 in Long Blades
  1635 | D:2      | Reached skill level 1 in Axes
  1635 | D:2      | Reached skill level 1 in Maces & Flails
  1635 | D:2      | Reached skill level 1 in Polearms
  1635 | D:2      | Reached skill level 1 in Staves
  1635 | D:2      | Reached skill level 1 in Ranged Weapons
  1635 | D:2      | Reached skill level 1 in Throwing
  1635 | D:2      | Reached skill level 1 in Armour
  1635 | D:2      | Reached skill level 1 in Shields
  1635 | D:2      | Reached skill level 1 in Unarmed Combat
  1635 | D:2      | Reached skill level 1 in Evocations
  1662 | D:2      | Reached XP level 4. HP: 32/32 MP: 4/11
  1734 | D:2      | Reached skill level 1 in Shapeshifting
  1852 | D:2      | Learned a level 2 spell: Searing Ray
  2255 | D:2      | Reached skill level 1 in Hexes
  2255 | D:2      | Reached skill level 1 in Summonings
  2255 | D:2      | Reached skill level 1 in Necromancy
  2255 | D:2      | Reached skill level 1 in Translocations
  2255 | D:2      | Reached skill level 1 in Transmutations
  2255 | D:2      | Reached skill level 1 in Fire Magic
  2255 | D:2      | Reached skill level 1 in Ice Magic
  2255 | D:2      | Reached skill level 1 in Air Magic
  2255 | D:2      | Reached skill level 1 in Earth Magic
  2255 | D:2      | Reached skill level 1 in Poison Magic
  3135 | D:3      | Reached XP level 5. HP: 32/37 MP: 7/12
  3614 | D:3      | Reached XP level 6. HP: 36/44 MP: 5/13
  3926 | D:3      | Reached skill level 5 in Dodging
  4481 | D:3      | Reached XP level 7. HP: 50/50 MP: 10/15
  5447 | D:3      | Reached skill level 5 in Stealth
  5642 | D:3      | Learned a level 3 spell: Dazzling Flash
  5647 | D:3      | Learned a level 4 spell: Fulminant Prism
  5652 | D:3      | Learned a level 4 spell: Iskenderun's Mystic Blast
  6046 | D:4      | Found Dewnygg's Assorted Antiques.
  6056 | D:4      | Bought a scroll labelled RAQIGOYB UPUKU for 17 gold pieces
  6056 | D:4      | Bought a twisted moonstone ring for 85 gold pieces
  6056 | D:4      | Bought a black potion for 15 gold pieces
  6056 | D:4      | Bought an encrusted wooden wand for 68 gold pieces
  6621 | D:5      | Entered Level 5 of the Dungeon
  6719 | D:5      | Noticed Menkaure
  6728 | D:5      | Killed Menkaure
  6729 | D:5      | Reached XP level 8. HP: 6/58 MP: 5/16
  6953 | D:5      | Found a shadowy altar of Dithmenos.
  6984 | D:5      | Found a staircase to the Ecumenical Temple.
  6988 | D:5      | Noticed Ijyb
  6992 | D:5      | Killed Ijyb
  7006 | Temple   | Entered the Ecumenical Temple
  7034 | Temple   | Became a worshipper of Vehumet
  7202 | D:5      | Found a glowing golden altar of the Shining One.
  7295 | D:5      | Slain by an iguana

Illustrated notes

Levels and vault maps discovered:
D:1:      dpeg_arrival_lava_altar, layout_rooms, minmay_tiny_reverse_x
D:2:      layout_basic, chequers_decorated_corner, minmay_3d_cube
D:3:      lemuel_castle_with_subvaults [lemuel_castle_interior_carwin_3],
          layout_basic
D:4:      layout_rooms, serial_shops, nicolae_shop_tiny_glass,
          nicolae_houndstooth_variations
D:5:      layout_basic, nicolae_tso_besieged_by_evil,
          mainiacjoe_overflow_alcove_4,
          nicolae_dithmenos_through_a_glass_darkly,
          minmay_temple_entry_gardened_gates, enter_ossuary_5,
          minmay_joined_circles, uniq_ijyb, uniq_edmund, uniq_menkaure
Temple:   compressed_dpeg_triangle_lava_temple

Skill      XL: |  1  2  3  4  5  6  7  8 |
---------------+-------------------------+-----
Spellcasting   | 5 6 |  6.1
Invocations    | 1 2 3 |  3.8
Fighting       | 1 2 3 |  3.5
Short Blades   | 1 2 3 |  3.5
Long Blades    | 1 2 3 |  3.5
Axes           | 1 2 3 |  3.5
Maces & Flails | 1 2 3 |  3.5
Polearms       | 1 2 3 |  3.5
Staves         | 1 2 3 |  3.5
Ranged Weapons | 1 2 3 |  3.5
Throwing       | 1 2 3 |  3.5
Armour         | 1 2 3 |  3.5
Shields        | 1 2 3 |  3.5
Unarmed Combat | 1 2 3 |  3.5
Evocations     | 1 2 3 |  3.5
Shapeshifting  | 1 2 3 |  3.1
Hexes          | 1 2 |  2.8
Summonings     | 1 2 |  2.8
Necromancy     | 1 2 |  2.8
Translocations | 1 2 |  2.8
Transmutations | 1 2 |  2.8
Fire Magic     | 1 2 |  2.8
Ice Magic      | 1 2 |  2.8
Air Magic      | 1 2 |  2.8
Earth Magic    | 1 2 |  2.8
Poison Magic   | 1 2 |  2.8
Dodging        | 5 |  5.8
Stealth        | 5 |  5.5
Conjurations   | |  7.7

Action                     |  1- 3 |  4- 6 |  7- 9 || total
---------------------------+-------+-------+-------++-------
  Melee: Unarmed           |    25 |       |       ||    25
         Bite              |     5 |     4 |    20 ||    29
         Long sword        |       |    66 |    43 ||   109
         Short sword       |       |       |    64 ||    64
         Punch             |       |       |     1 ||     1
         Double sword      |       |       |    53 ||    53
   Cast: Magic Dart        |    78 |    27 |     1 ||   106
         Searing Ray       |       |    37 |    29 ||    66
         Fulminant Prism   |       |       |     9 ||     9
         Dazzling Flash    |       |       |     1 ||     1
         Iskenderun's Myst |       |       |     1 ||     1
    Use: Scroll            |       |     5 |     6 ||    11
         Potion            |       |       |     1 ||     1
   Stab: Sleeping          |       |     1 |     2 ||     3
 Armour: Robe              |     3 |    18 |    91 ||   112
  Dodge: Dodged            |    16 |    66 |   195 ||   277

Table legend: (Time is in decaauts)
 A = Elapsed time spent in this place.
 B = Non-inter-level travel time spent in this place.
 C = Inter-level travel time spent in this place.
 D = Time resting spent in this place.
 E = Time spent auto-exploring this place.
 F = Levels seen in this place.
 G = Mean time per level.
                   A        B        C        D        E       F      G
               +--------+--------+--------+--------+--------+-----+--------+
         Total |   7349 |   7008 |    341 |    645 |   4791 |   6 | 1224.8 |
       Dungeon |   7305 |   6978 |    327 |    645 |   4791 |   5 | 1461.0 |
        Temple |     43 |     29 |     14 |      0 |      0 |   1 |   43.0 |
               +--------+--------+--------+--------+--------+-----+--------+

Top non-repeatable levels by time:
     D:3: 2571 daAuts
     D:2: 2075 daAuts
     D:1: 1098 daAuts
     D:4: 918 daAuts
     D:5: 641 daAuts
  Temple: 43 daAuts
